 Dungeon Crawl Stone Soup version 0.23.2 (webtiles) character file.

Game seed: 5949806696937557928

58 Kairos the Skirmisher (level 4, -1/37 HPs)
             Began as a Formicid Abyssal Knight on Apr 9, 2019.
             Was a Follower of Lugonu.
             Slain by an ufetubus (5 damage)
             ... summoned by Eustachio
             ... on level 4 of the Dungeon.
             The game lasted 00:02:30 (2061 turns).

Kairos the Skirmisher (Formicid Abyssal Knight)     Turns: 2061, Time: 00:02:30

Health: -1/37      AC:  3    Str: 17      XL:     4   Next: 20%
Magic:  5/5        EV:  8    Int: 12      God:    Lugonu [*.....]
Gold:   68         SH:  6    Dex:  5 (10) Spells: 3/3 levels left

rFire    . . .     SeeInvis +   a - +2 spear
rCold    . . .     Gourm    .   i - +0 shield
rNeg     . . .     Faith    .   b - +0 leather armour
rPois    .         Spirit   .   (helmet unavailable)
rElec    .         Reflect  .   (no cloak)
rCorr    .         Harm     .   (no gloves)
MR       .....                  (no boots)
Stlth    +.........             g - amulet of magic regeneration
HPRegen  0.12/turn              (no ring)
MPRegen  0.34/turn              (no ring)

@: no status effects
A: permanent stasis, dig shafts and tunnels, four strong arms, antennae 3
a: Dig, Shaft Self, Depart the Abyss, Renounce Religion


You were on level 4 of the Dungeon.
You worshipped Lugonu.
Lugonu was aware of your devotion.
You were very hungry.

You visited 1 branch of the dungeon, and saw 3 of its levels.
You visited the Abyss 1 time.

You collected 68 gold pieces.

Inventory:

Hand Weapons
 a - a +2 spear (weapon)
Armour
 b - a +0 leather armour (worn)
 i - a +0 shield (worn)
Jewellery
 g - an amulet of magic regeneration (around neck)
Scrolls
 d - a scroll of enchant armour {unknown}
 e - a scroll of remove curse
 h - a scroll of identify
Potions
 f - a potion of agility
Comestibles
 c - 5 rations


   Skills:
 + Level 3.9 Fighting
 + Level 2.9 Polearms
 + Level 2.9 Armour
 + Level 1.2 Dodging
 + Level 0.2 Shields
 + Level 2.3 Invocations


You had 3 spell levels left.
You didn't know any spells.
Your spell library was empty.

Dungeon Overview and Level Annotations

Branches:
Dungeon (2/15)

Altars:

Annotations:
D:4 Eustachio


Innate Abilities, Weirdness & Mutations

You cannot be hasted, slowed, berserked, paralysed or teleported.
You can dig through walls and to a lower floor.
Your four strong arms can wield two-handed weapons with a shield.
You have a pair of large antennae on your head. (SInv)


Message History

The quasit claws you but does no damage.
You closely miss the quasit.
The quasit is lightly wounded.
You block the quasit's attack.
The quasit claws you but does no damage. x2
You hit the quasit.
The quasit is moderately wounded.
You block the quasit's attack. The quasit barely misses you.
You block the quasit's attack.
Eustachio mumbles some strange words.
The quasit bites you.
* * * LOW HITPOINT WARNING * * *
The quasit claws you but does no damage.
You block the quasit's attack.
You hit the ufetubus.
The ufetubus is heavily wounded.
The ufetubus hits you.
* * * LOW HITPOINT WARNING * * *
The ufetubus hits you.
You die...

#######.#####
#...r..r.....
#.##r##.#####
#r##r# #
#5#{## #r5##
#@## #5###
#@5.# ###.#
#.# #.# #.#
..# #..#
ยง..# #....


You could see Eustachio, 2 quasits, a crimson imp, an ufetubus and 2 rats.

Vanquished Creatures
  2 oozes (D:1)
  A worm (D:2)
  2 dart slugs (D:1)
  3 leopard geckos (D:1)
  3 bats (D:1)
  9 hobgoblins
  2 kobolds (D:1)
  3 ball pythons (D:2)
  2 frilled lizards (D:1)
  3 goblins
  7 rats (D:1)
37 creatures vanquished.

Notes
Turn   | Place    | Note
-------+----------+-------------------------------------------
     0 | Abyss:1  | Kairos the Formicid Abyssal Knight began the quest for the
                  | Orb.
     0 | Abyss:1  | Reached XP level 1. HP: 18/18 MP: 2/2
    53 | Abyss:1  | Noticed a tarantella
    53 | Abyss:1  | a shapeshifter changed into a tarantella
    57 | Abyss:1  | Noticed a spriggan
    57 | Abyss:1  | a tarantella changed into a spriggan
    75 | Abyss:1  | Noticed a quasit
    76 | Abyss:1  | Noticed a phantasmal warrior
    90 | Abyss:1  | Noticed a tentacled starspawn
    92 | D:1      | Escaped the Abyss
   101 | D:1      | Reached * piety under Lugonu
   122 | D:1      | Reached XP level 2. HP: 11/24 MP: 3/3
  1086 | D:1      | Reached XP level 3. HP: 30/30 MP: 4/4
  1091 | D:1      | Reached skill level 1 in Dodging
  1853 | D:1      | Reached XP level 4. HP: 37/37 MP: 5/5
  2008 | D:2      | You fall through a shaft for 2 floors!
  2009 | D:4      | Noticed Eustachio
  2061 | D:4      | Slain by an ufetubus

Skill      XL: |  1  2  3 |
---------------+----------+-----
Dodging        | 1 |  1.2
Fighting       | |  3.9
Polearms       | |  2.9
Armour         | |  2.9
Shields        | |  0.2
Invocations    | |  2.3

Action                   |  1- 3 |  4- 6 || total
-------------------------+-------+-------++-------
Melee: Spear             |   129 |    53 ||   182
Invok: Depart the Abyss  |     1 |       ||     1
 Abil: Dig               |     1 |     4 ||     5
  Use: Scroll            |       |     5 ||     5
       Potion            |       |     1 ||     1
  Eat: Chunk             |     3 |       ||     3
Armor: Leather armour    |    17 |    24 ||    41
Dodge: Dodged            |    69 |    26 ||    95
Block: Shield            |     6 |    29 ||    35
